 Dungeon Crawl Stone Soup version 0.30-a0-996-ga6910c8ee8 (webtiles) character file.

Game seed: 18368697870493935782

198150 Tomas the Carver (level 17, -10/122 HPs)
             Began as a Demonspawn Fighter on Apr 4, 2023.
             Was the Champion of Hepliaklqana.
             Killed from afar by a fire giant (38 damage)
             ... with a fireball
             ... on level 1 of the Depths.
             The game lasted 02:23:27 (35541 turns).

Tomas the Carver (Demonspawn Fighter)              Turns: 35541, Time: 02:23:30

Health: -10/122    AC: 33    Str: 23    XL:     17   Next: 80%
Magic:  26/26      EV:  9    Int: 11    God:    Hepliaklqana [******]
Gold:   1314       SH: 25    Dex: 23    Spells: 16/16 levels left

rFire   . . .      SeeInvis +    N - +3 demon blade (flame)
rCold   . . .      Faith    .    I - +5 kite shield
rNeg    . . .      Spirit   .    p - +1 crystal plate armour "Piefedu" {SInv}
rPois   .          Reflect  +    (helmet unavailable)
rElec   .          Rampage  .    Y - +2 cloak
rCorr   .                        R - +2 pair of gloves
Will    +....                    (no boots) Stlth
                                 l - amulet of reflection
HPRegen 0.40/turn                r - +4 ring of protection
MPRegen 0.20/turn                k - +6 ring of strength

@: studying Air Magic
A: reduced essence, horns 3, demonic guardian 3, foul stench 1, big brain 2,
thin skeletal structure 1, dopey 1, subdued magic 1, MP-powered wands
}: 1/15 runes: decaying
a: Renounce Religion, Recall Ancestor, Ancestor Identity, Transference, Idealise


You were on level 1 of the Depths.
You worshipped Hepliaklqana.
Hepliaklqana was exalted by your worship.
You visited 6 branches of the dungeon, and saw 28 of its levels.
You also visited: Gauntlet and Volcano.

You collected 3911 gold pieces.
You spent 2597 gold pieces at shops.

Inventory:

Hand Weapons
 D - a +2 scimitar of electrocution
 N - a +3 demon blade of flaming (weapon)
Missiles
 F - 3 throwing nets (quivered)
Armour
 h - a +2 chain mail of fire resistance
 p - the +1 crystal plate armour "Piefedu" (worn) {SInv}
   (You bought it in a shop on level 12 of the Dungeon)

   SInv:      It lets you see invisible.
 I - a +5 kite shield (worn)
 R - a +2 pair of gloves (worn)
 U - +1 ice dragon scales
 Y - a +2 cloak (worn)
Jewellery
 b - a +5 ring of evasion
 c - a ring of positive energy
 k - a +6 ring of strength (right hand)
 l - an amulet of reflection (around neck)
 r - a +4 ring of protection (left hand)
 s - a ring of fire
 v - a +6 ring of dexterity
 x - a +4 ring of protection
 z - an amulet of the acrobat
 K - an amulet of guardian spirit
 Q - a +4 ring of protection
 W - the ring of Xom's Flight of Fancy {rPois rF- rCorr Str+3 Int+6}
   (You found it on level 12 of the Dungeon)

   [ring of intelligence]

   Str:       It affects your strength (+3).
   Int:       It affects your intelligence (+6).
   rF:        It makes you vulnerable to fire.
   rPois:     It protects you from poison.
   rCorr:     It protects you from acid and corrosion.
 X - a ring of protection from cold
Wands
 e - a wand of polymorph (9)
 o - a wand of flame (62)
 q - a wand of roots (43)
 E - a wand of paralysis (23)
 H - a wand of mindburst (23)
 J - a wand of digging (13)
 P - a wand of quicksilver (19)
Scrolls
 g - 4 scrolls of blinking
 j - 4 scrolls of poison
 t - 5 scrolls of teleportation
 B - 4 scrolls of fog
 C - 11 scrolls of identify
 O - 2 scrolls of fear
 V - 3 scrolls of silence
Potions
 a - a potion of haste
 d - 2 potions of might
 f - a potion of resistance
 i - 7 potions of curing
 m - 5 potions of flight
 n - 2 potions of heal wounds
 u - 5 potions of magic
 w - 2 potions of ambrosia
 G - 3 potions of berserk rage
 L - 6 potions of cancellation
 M - a potion of brilliance
 S - 4 potions of invisibility
Miscellaneous
 y - a piece from Xom's chessboard (15/15)


   Skills:
 * Level 13.0 Fighting
 + Level 7.3(12.0) Short Blades
 * Level 14.8(15.5) Long Blades
 * Level 11.2 Armour
 * Level 9.3 Dodging
 * Level 8.8 Stealth
 * Level 14.5 Shields
 + Level 1.7 Unarmed Combat
 + Level 12.8 Invocations
 + Level 0.4 Evocations


You had 16 spell levels left.
You didn't know any spells.
Your spell library contained the following spells:

 Spells                   Type           Power      Damage    Failure   Level
 Beastly Appendage        Tmut           0%         N/A       100%        1
 Sting                    Tmut/Pois      0%         1d3       100%        1
 Cigotuvi's Dreadful Rot  Necr/Pois/Air  0%         N/A       100%        2
 Ensorcelled Hibernation  Hex/Ice        0%         N/A       100%        2
 Lesser Beckoning         Tloc           0%         N/A       100%        2
 Passwall                 Tmut/Erth      0%         N/A       100%        2
 Poisonous Vapours        Pois/Air       0%         N/A       100%        2
 Wereblood                Tmut           0%         N/A       100%        2
 Gell's Gravitas          Tloc           0%         N/A       100%        3
 Inner Flame              Hex/Fire       0%         N/A       100%        3
 Mephitic Cloud           Conj/Pois/Air  0%         N/A       100%        3
 Ozocubu's Armour         Ice            0%         N/A       100%        3
 Spider Form              Tmut/Pois      0%         N/A       100%        3
 Stone Arrow              Conj/Erth      0%         3d7       100%        3
 Swiftness                Air            0%         N/A       100%        3
 Teleport Other           Tloc           0%         N/A       100%        3
 Anguish                  Hex/Necr       0%         N/A       100%        4
 Animate Armour           Summ/Erth      0%         N/A       100%        4
 Cause Fear               Hex            0%         N/A       100%        4
 Olgreb's Toxic Radiance  Pois           0%         N/A       100%        4
 Ozocubu's Refrigeration  Ice            0%         4d7       100%        7
 Discord                  Hex            0%         N/A       100%        8
 Lehudib's Crystal Spear  Conj/Erth      0%         10d2      100%        8


Dungeon Overview and Level Annotations

Branches:
Dungeon (15/15)            Temple (1/1) D:4            Lair (5/5) D:9
  Swamp (4/4) Lair:2       Spider (0/4) Lair:3        Slime (0/5) Lair:4
    Orc (2/2) D:12            Elf (0/3) Orc:2        Vaults (0/5) D:13
 Depths (1/4) D:15        Volcano (visited)         Gauntlet (visited)

Altars:
Ashenzari
Cheibriados
Dithmenos
Fedhas
Gozag
Hepliaklqana
Kikubaaqudgha
Makhleb
Nemelex Xobeh
Okawaru
Qazlal
Ru
Sif Muna
Trog
Uskayaw
Vehumet
Wu Jian
Xom
Yredelemnul

Shops:
D:12 [[   D:14 *   D:15 ?   Orc:2 (!**   Depths:1 *

Portals:
Hell: Depths:1
Abyss: Depths:1
Trove: D:14 (give +3 gold dragon scales)


Innate Abilities, Weirdness & Mutations

Your life essence is reduced to manifest your ancestor. (-10% HP)
You have a pair of large horns on your head.
A powerful demonic guardian rushes to your aid.
You may rarely emit foul miasma when damaged in melee.
You have an extremely huge brain. (Int +4)
You have a somewhat thin skeletal structure. (Dex +2, Stealth+)
You are dopey. (Int -2)
Your spells are a little easier to cast, but a little less powerful.
You expend magic power (3 MP) to strengthen your wands.


Message History

The golden dragon is engulfed in flames!
The golden dragon resists.
You slash the golden dragon! You burn the golden dragon.
You kill the golden dragon!
Things that are here:
a +0 battleaxe of freezing; a frost giant corpse You start resting.
Your sun demon disappears in a puff of smoke!
Wigmund emerges from the mists of memory!
You start resting.
Your extra speed is starting to run out.
You feel yourself slow down.
A fire giant is nearby!
A fire giant is nearby!
You swap places.
Wigmund hits the fire giant with a +0 quarterstaff!!
The fire giant hits Wigmund with a +1 great sword of flaming!!
The fire giant burns Wigmund.
Wigmund points at the fire giant and mumbles some strange words.
The bolt of magma hits the fire giant!
The fire giant partially resists.
Things that are here:
a +0 battleaxe of freezing; a frost giant corpse You swap places.
The fire giant gestures at you while chanting.
The bolt of fire hits you!!!
You slice the fire giant!!
The fire giant is heavily wounded.
The fire giant gestures at you while chanting.
The bolt of fire hits you!!
* * * LOW HITPOINT WARNING * * *
The bolt of fire hits Wigmund!
Wigmund resists.
You swap places.
Wigmund casts a spell at the fire giant.
The bolt of magma hits the fire giant!
The fire giant partially resists.
The fire giant points at Wigmund and mumbles some strange words.
The fireball explodes!
The fireball engulfs Wigmund!
Wigmund resists.
The fireball engulfs you!!!
You die...

#.# .. .. .# ## #.###' #.
.###### .# ##.....
#.#....... .######...
#.#### ##.##
.........####...# #.#.#
...............#####.#.##
##'#####.##.#R#R#.÷.#.#.#
.......(.#.#.####()#.#..#
................@)#.#...#
.........#######R#.#.....#
.........# . #C#.#.#..#.#
.........#
###.#.#...##.##..
.........# '!#.'...#.#
...#. .........#
###.#.#.#.# .## °°°......#
.. #.#.#.. ≈○°......#####
#.....#.
_≈°°................ ..


You could see the friendly Wigmund the battlemage and a fire giant (distracted,
ally target).

Vanquished Creatures
  A golden dragon (Depths:1)
  A tentacled monstrosity (Swamp:4)
  A lich (Depths:1)
  5 thorn hunters
  A fenstrider witch (Swamp:4)
  A tengu reaver (D:14)
  A fire giant (Depths:1)
  A frost giant (Depths:1)
  A ghoul (Swamp:4)
  A stone giant (Depths:1)
  An orc warlord (Orc:2)
  A reaper (Swamp:4)
  2 eleionomae
  A minotaur (Gauntlet)
  A red draconian (Volcano)
  3 bunyips
  A rakshasa (D:15)
  7 hydras
  Harold (D:9)
  2 ogre magi
  An ice dragon (Lair:5)
  2 spriggan air magi (Swamp:4)
  2 ghost crabs
  2 centaur warriors (D:14)
  4 boulder beetles
  A catoblepas (D:14)
  3 alligators
  A tengu warrior (D:14)
  5 two-headed ogres
  8 death yaks
  A deep troll shaman (Depths:1)
  A deep troll earth mage (Depths:1)
  A soul eater (Swamp:4)
  Sonja (D:12)
  A fire crab (Gauntlet)
  A skyshark (Lair:5)
  A goliath frog (Swamp:4)
  An iron troll (Depths:1)
  Lodul (D:12)
  A deep troll (Depths:1)
  A swamp dragon (Swamp:2)
  5 spriggan druids
  Amaemon (Lair:1)
  3 bog bodies (Swamp:4)
  4 lindwurms
  11 orc knights (Orc:2)
  2 wizards (Swamp:4)
  2 orc sorcerers (Orc:2)
  7 cyclopes
  3 deep elf pyromancers
  A deep elf zephyrmancer (Swamp:4)
  A wolf spider (Lair:5)
  22 ugly things
  A shining eye (shapeshifter) (D:15)
  5 will-o-the-wisps
  10 elephants
  A guardian serpent (Lair:5)
  An eye of devastation (Gauntlet)
  4 black mambas
  A minotaur zombie (Gauntlet)
  2 torpor snails (Lair:5)
  A cane toad (shapeshifter) (D:14)
  A gargoyle (D:14)
  9 cane toads
  An unseen horror (D:10)
  3 komodo dragons
  A yaktaur (shapeshifter) (D:14)
  A kobold demonologist (D:11)
  A freezing wraith (D:14)
  2 tengu conjurers (D:15)
  A merfolk (D:13)
  7 trolls
  15 hornets
  A meliai (D:14)
  8 tyrant leeches
  2 blink frogs (Lair:5)
  4 saltlings (Orc:2)
  5 slime creatures
  4 spriggans
  A water elemental (D:12)
  4 wraiths
  5 wyverns
  2 fire bats (Gauntlet)
  A neqoxec (Swamp:4)
  A shadow (D:10)
  30 yaks
  A steam dragon (Lair:2)
  A chaos spawn (Swamp:4)
  10 vampire mosquitoes
  12 swamp worms
  3 wargs (Orc:2)
  2 acid dragons (D:11)
  14 water moccasins
  A swamp drake (Swamp:2)
  16 orc warriors
  2 black bears (D:9)
  A centaur (D:6)
  7 ogres
  11 wolves
  A kobold brigand (D:6)
  2 phantoms
  5 bullfrogs
  A scorpion (D:6)
  5 wights
  4 killer bees
  2 howler monkeys (D:8)
  A quasit (D:12)
  A jelly (D:5)
  16 orc priests
  A sleepcap (D:5)
  14 orc wizards
  3 hell rats (Lair:5)
  4 gnolls
  3 river rats (Lair:5)
  4 adders
  A worm (D:5)
  3 dart slugs
  35 orcs
  3 endoplasms
  5 giant cockroaches
  13 goblins
  9 hobgoblins
  4 jackals (D:4)
  8 kobolds
  5 quokkas
  11 ball pythons
  3 bats
  6 rats
  3 briar patches (Swamp:3)
  3 pillars of salt (Orc:2)
532 creatures vanquished.

Vanquished Creatures (collateral kills)
  An ancient champion (Depths:1)
  A thorn hunter (Swamp:4)
  2 fenstrider witches (Swamp:4)
  An orc warlord (Orc:2)
  A stone giant (Depths:1)
  A reaper (Swamp:4)
  3 bunyips
  The ghost of Afrar the Peltast, a journeyman FoFi of Okawaru (D:12)
  Josephine (Orc:2)
  A rakshasa (D:15)
  A shambling mangrove (Swamp:4)
  A great orb of eyes (D:15)
  Erolcha (D:13)
  Erica (D:8)
  2 ogre magi
  2 hydras
  2 centaur warriors
  5 alligators
  3 boulder beetles
  A catoblepas (Lair:2)
  2 ghost crabs
  8 two-headed ogres
  A tengu warrior (D:14)
  A deep troll earth mage (Depths:1)
  2 orc high priests
  A spriggan berserker (Swamp:4)
  A skyshark (Lair:5)
  2 soul eaters (Swamp:4)
  A pharaoh ant (Lair:3)
  A spriggan druid (Swamp:1)
  3 goliath frogs
  A swamp dragon (Swamp:4)
  2 bog bodies
  A wizard (Swamp:4)
  3 orc knights
  2 orc sorcerers
  3 oklob plants (Lair:4)
  4 ugly things (D:14)
  A will-o-the-wisp (Swamp:3)
  4 elephants
  4 cyclopes
  A manticore (D:15)
  7 black mambas
  Maurice (D:8)
  3 orange demons
  3 torpor snails (Lair:5)
  A gargoyle (D:12)
  An unseen horror (D:12)
  6 cane toads
  Maggie (D:7)
  9 komodo dragons
  A rime drake (Lair:3)
  An efreet (D:13)
  A yaktaur (D:13)
  2 meliai (D:14)
  A polar bear (Lair:4)
  7 tyrant leeches
  6 trolls
  2 hellwings (Swamp:4)
  Prince Ribbit (D:6)
  3 blink frogs (Lair:5)
  7 hornets
  4 saltlings (Orc:2)
  A tarantella (Lair:3)
  4 dream sheep (Lair:2)
  2 jumping spiders (Lair:3)
  3 wyverns
  4 slime creatures
  2 spriggans
  A shadow (D:13)
  A fire elemental (Depths:1)
  20 yaks
  A fire bat (Gauntlet)
  2 wraiths
  5 neqoxecs (D:12)
  2 basilisks
  2 redbacks
  A redback (shapeshifter) (D:13)
  5 swamp worms
  3 wargs (Orc:2)
  8 vampire mosquitoes
  9 water moccasins
  A floating eye (Gauntlet)
  An ice beast (D:6)
  A swamp drake (Swamp:3)
  19 orc warriors
  A sky beast (D:8)
  3 black bears (Lair:3)
  7 wolves
  A centaur (D:8)
  6 ogres
  A phantom (D:5)
  A kobold brigand (D:8)
  7 bullfrogs
  A scorpion (D:6)
  4 gnoll sergeants (D:6)
  7 wights
  3 killer bees
  3 quasits (D:12)
  A jelly (D:7)
  5 orc priests
  2 gnoll boudas (D:6)
  A hound (D:5)
  3 iron imps (D:8)
  A sleepcap (D:5)
  7 orc wizards
  6 gnolls
  An adder (D:6)
  3 river rats (Lair:5)
  39 orcs
  A kobold (D:8)
  A rat (Lair:5)
  2 pillars of salt (Orc:2)
365 creatures vanquished.

Vanquished Creatures (others)
  A two-headed ogre (Volcano)
  A tengu warrior (Depths:1)
  An orc knight (Orc:2)
  A cyclops (D:14)
  A torpor snail (shapeshifter) (D:14)
  3 hornets
  2 bloated husks
  A spriggan (Swamp:4)
  A swamp worm (Swamp:1)
  39 battlemagi
  5 ancestors
  An orc (Orc:2)
  3 briar patches (Swamp:4)
  28 foxfires
  15 fungi
  4 pillars of salt (Orc:2)
  54 plants
  8 toadstools (Swamp:3)
169 creatures vanquished.

Grand Total: 1066 creatures vanquished

Notes
Turn   | Place    | Note
-------+----------+-------------------------------------------
     0 | D:1      | Tomas the Demonspawn Fighter began the quest for the Orb.
     0 | D:1      | Reached XP level 1. HP: 18/18 MP: 1/1
   173 | D:1      | Gained mutation: You have a pair of small horns on your
                  | head. [demonic ancestry]
   173 | D:1      | Reached XP level 2. HP: 21/24 MP: 2/2
  1068 | D:2      | Gained mutation: You have an unusually large brain. (Int
                  | +2) [demonic ancestry]
  1068 | D:2      | Reached XP level 3. HP: 29/29 MP: 3/3
  2336 | D:3      | Gained mutation: A weak demonic guardian rushes to your
                  | aid. [demonic ancestry]
  2336 | D:3      | Reached XP level 4. HP: 24/35 MP: 4/4
  2341 | D:3      | Identified the +2 robe of Eternity {Regen+ Int+2}
  2384 | D:3      | Noticed a phantom
  2396 | D:3      | Killed a phantom
  2397 | D:3      | Gained mutation: A demonic guardian rushes to your aid.
                  | [demonic ancestry]
  2397 | D:3      | Reached XP level 5. HP: 36/41 MP: 5/5
  2693 | D:3      | Found an iron altar of Okawaru.
  2848 | D:3      | Found a bloodstained altar of Trog.
  3069 | D:4      | Found a staircase to the Ecumenical Temple.
  3075 | Temple   | Entered the Ecumenical Temple
  3455 | Temple   | Became a worshipper of Hepliaklqana the Forgotten
  3579 | D:4      | Reached skill level 1 in Dodging
  3931 | D:4      | Found a broken altar of Ashenzari.
  3977 | D:4      | Found a sparkling altar of Nemelex Xobeh.
  3979 | D:4      | Found a transporter.
  3979 | D:4      | Noticed a centaur
  3980 | D:4      | Noticed a two-headed ogre
  4235 | D:4      | Noticed an angel
  4238 | D:4      | Found a shimmering altar of Xom.
  4406 | D:5      | Entered Level 5 of the Dungeon
  4406 | D:5      | Noticed a phantom
  4421 | D:5      | Killed a phantom
  4491 | D:5      | Reached XP level 6. HP: 41/47 MP: 6/6
  5024 | D:5      | Found a sacrificial altar of Ru.
  5104 | D:6      | Noticed Prince Ribbit
  5113 | D:6      | Killed Prince Ribbit
  5114 | D:6      | Gained mutation: A powerful demonic guardian rushes to your
                  | aid. [demonic ancestry]
  5114 | D:6      | Reached XP level 7. HP: 17/54 MP: 7/7
  5376 | D:6      | Reached skill level 5 in Armour
  5379 | D:6      | HP: 2/55 [poisoned by a gnoll sergeant]
  5385 | D:6      | Reached skill level 1 in Stealth
  5600 | D:6      | Reached XP level 8. HP: 10/61 MP: 8/8
  5800 | D:6      | Reached skill level 5 in Short Blades
  5835 | D:6      | Found a shadowy altar of Dithmenos.
  5876 | D:6      | Reached * piety under Hepliaklqana
  6109 | D:6      | Reached skill level 5 in Fighting
  6376 | D:6      | Found the +5 woodcutter's axe
  6656 | D:7      | Noticed Maggie
  6661 | D:7      | Killed Maggie
  6662 | D:7      | Reached XP level 9. HP: 34/61 MP: 9/9
  7162 | D:7      | Found a radiant altar of Vehumet.
  7175 | D:7      | Reached ** piety under Hepliaklqana
  7178 | D:7      | Remembered your ancestor Wigmund as a battlemage
  7536 | D:8      | Found a burning altar of Makhleb.
  7693 | D:8      | Paralysed by a hornet for 1 turns
  7698 | D:8      | Reached skill level 1 in Long Blades
  7833 | D:8      | Noticed Erica
  7843 | D:8      | Killed Erica
  7906 | D:8      | Reached XP level 10. HP: 23/68 MP: 10/10
  7907 | D:8      | Noticed Maurice
  7955 | D:8      | Killed Maurice
  8275 | D:8      | Reached skill level 5 in Dodging
  8275 | D:8      | Reached skill level 1 in Unarmed Combat
  8935 | D:9      | Reached skill level 5 in Shields
  9137 | D:9      | Found a staircase to the Lair.
  9147 | D:9      | Reached skill level 5 in Long Blades
  9257 | D:9      | Reached *** piety under Hepliaklqana
  9561 | D:9      | Noticed a two-headed ogre
  9564 | D:9      | Noticed Harold
  9613 | D:9      | Killed a two-headed ogre
  9614 | D:9      | Reached XP level 11. HP: 40/75 MP: 11/11
  9619 | D:9      | Killed Harold
 10445 | Lair:1   | Entered Level 1 of the Lair of Beasts
 11041 | Lair:1   | Reached skill level 5 in Stealth
 11127 | Lair:1   | Reached **** piety under Hepliaklqana
 11206 | Lair:1   | Noticed Amaemon
 11217 | Lair:1   | Killed Amaemon
 12324 | Lair:2   | Noticed a catoblepas
 12336 | Lair:2   | Killed a catoblepas
 12459 | Lair:2   | Reached XP level 12. HP: 82/82 MP: 12/12
 12846 | Lair:2   | Found a staircase to the Swamp.
 13174 | Lair:3   | Reached ***** piety under Hepliaklqana
 13615 | Lair:3   | Found a dark tunnel.
 13648 | Lair:3   | Reached skill level 10 in Long Blades
 13655 | Volcano  | Entered a volcano
 13678 | Volcano  | Noticed an ogre mage
 13681 | Volcano  | Found a burning altar of Makhleb.
 13682 | Volcano  | Noticed a red draconian
 13693 | Volcano  | Killed an ogre mage
 13696 | Volcano  | Noticed a two-headed ogre
 13700 | Volcano  | Killed a two-headed ogre
 13701 | Volcano  | Noticed a two-headed ogre
 13705 | Volcano  | Killed a two-headed ogre
 13708 | Volcano  | Noticed a two-headed ogre
 13710 | Volcano  | Killed a two-headed ogre
 13716 | Volcano  | Killed a red draconian
 13749 | Volcano  | Noticed a two-headed ogre
 13749 | Volcano  | Noticed a two-headed ogre
 13751 | Volcano  | Killed a two-headed ogre
 13752 | Volcano  | Gained mutation: You have an extremely huge brain. (Int +4)
                  | [demonic ancestry]
 13752 | Volcano  | Reached XP level 13. HP: 84/89 MP: 13/13
 14435 | Lair:3   | Found a hole to the Spider Nest.
 16206 | Lair:4   | Found a staircase to the Slime Pits.
 16353 | Lair:4   | Reached skill level 1 in Invocations
 16890 | Lair:5   | Entered Level 5 of the Lair of Beasts
 17179 | Lair:5   | Reached XP level 14. HP: 61/98 MP: 10/16
 17769 | Lair:5   | Reached skill level 5 in Invocations
 18014 | Lair:5   | Found a runed translucent door.
 18291 | Lair:5   | Reached skill level 10 in Shields
 18443 | Lair:5   | Reached skill level 10 in Fighting
 18544 | Lair:5   | Paralysed by a hornet for 2 turns
 19800 | D:10     | Entered Level 10 of the Dungeon
 19938 | D:10     | Reached ****** piety under Hepliaklqana
 20705 | D:11     | Found a gate leading to a gauntlet.
 20724 | Gauntlet | Entered a Gauntlet
 20724 | Gauntlet | Found a transporter.
 20724 | Gauntlet | Found a transporter.
 20724 | Gauntlet | Found a runed translucent door.
 20724 | Gauntlet | Found a runed translucent door.
 20803 | Gauntlet | Found a transporter.
 20803 | Gauntlet | Found a transporter.
 20807 | Gauntlet | Found a transporter.
 20807 | Gauntlet | Found a transporter.
 20995 | Gauntlet | Found a transporter.
 20998 | Gauntlet | Found a transporter.
 20998 | Gauntlet | Found a transporter.
 20999 | Gauntlet | Found a transporter.
 21021 | Gauntlet | Identified the amulet of Nan Xiaf {RegenMP Int+5}
 21065 | Gauntlet | Found a transporter.
 21066 | Gauntlet | Found a transporter.
 21969 | D:12     | Found Avuv's Antique Armour Boutique.
 22139 | D:12     | Found a transporter.
 22152 | D:12     | Noticed Afrar's ghost (journeyman FoFi)
 22155 | D:12     | Found a transporter.
 22166 | D:12     | Gained mutation: You may rarely emit foul miasma when
                  | damaged in melee. [demonic ancestry]
 22166 | D:12     | Reached XP level 15. HP: 105/105 MP: 20/20
 22166 | D:12     | Gained mutation: You occasionally shout uncontrollably at
                  | your foes. [a neqoxec]
 22178 | D:12     | Killed Afrar's ghost
 22186 | D:12     | Got the ring of Xom's Flight of Fancy {rPois rF- rCorr
                  | Str+3 Int+6}
 22425 | D:12     | Found Meczuge's Armour Boutique.
 22426 | D:12     | Found a staircase to the Orcish Mines.
 22443 | D:12     | Noticed Sonja
 22456 | D:12     | Killed Sonja
 22545 | D:12     | Noticed Lodul
 22575 | D:12     | Killed Lodul
 22863 | D:12     | Bought a twisted crystal plate armour for 1870 gold pieces
 22863 | D:12     | Identified the +1 crystal plate armour "Piefedu" {SInv}
                  | (You bought it in a shop on level 12 of the Dungeon)
 22925 | Orc:1    | Entered Level 1 of the Orcish Mines
 22992 | Orc:2    | Entered Level 2 of the Orcish Mines
 23660 | Orc:2    | Found a staircase to the Elven Halls.
 24346 | Orc:2    | Noticed Josephine
 24363 | Orc:2    | Killed Josephine
 24955 | Orc:2    | Found Veptom's Assorted Antiques.
 24973 | Orc:2    | Found Joomel's Distillery.
 24975 | Orc:2    | Found Xatruc's General Store.
 24981 | Orc:2    | Bought a potion of berserk rage for 55 gold pieces
 24981 | Orc:2    | Bought a scroll of teleportation for 33 gold pieces
 24981 | Orc:2    | Bought a scroll of blinking for 82 gold pieces
 24985 | Orc:2    | Bought a potion of heal wounds for 75 gold pieces
 24985 | Orc:2    | Bought a potion of heal wounds for 75 gold pieces
 24999 | Orc:2    | Found Murph's Antique Weapon Shop.
 25176 | Orc:2    | Reached skill level 10 in Invocations
 25955 | D:13     | Noticed Erolcha
 25959 | D:13     | Killed Erolcha
 26080 | D:13     | Identified the +1 chain mail of True Grit {rPois}
 26120 | D:13     | Found a gate to the Vaults.
 27064 | D:14     | Found a portal to a secret trove of treasure.
 27131 | D:14     | Gained mutation: You have a pair of horns on your head.
                  | [demonic ancestry]
 27131 | D:14     | Reached XP level 16. HP: 24/112 MP: 22/24
 27858 | D:14     | Noticed a tengu reaver
 28135 | D:14     | Reached skill level 10 in Armour
 28184 | D:14     | Found Vuqi's General Store.
 28195 | D:14     | Bought a potion of heal wounds for 70 gold pieces
 28340 | D:14     | Killed a tengu reaver
 28592 | D:15     | Entered Level 15 of the Dungeon
 28801 | D:15     | Found Gugav's Magic Scroll Boutique.
 28809 | D:15     | Bought 3 scrolls of teleportation for 135 gold pieces
 28809 | D:15     | Bought a scroll of teleportation for 45 gold pieces
 28809 | D:15     | Bought a scroll of enchant weapon for 112 gold pieces
 28809 | D:15     | Bought a scroll of teleportation for 45 gold pieces
 29419 | D:15     | Found a staircase to the Depths.
 29449 | D:15     | Gained mutation: Your system is resistant to poisons.
                  | (rPois) [a shining eye]
 29806 | Swamp:1  | Entered Level 1 of the Swamp
 31870 | Swamp:3  | Noticed a thorn hunter
 31889 | Swamp:3  | Killed a thorn hunter
 32264 | Swamp:4  | Entered Level 4 of the Swamp
 32305 | Swamp:4  | Gained mutation: You have a pair of large horns on your
                  | head. [demonic ancestry]
 32305 | Swamp:4  | Reached XP level 17. HP: 113/119 MP: 26/26
 32395 | Swamp:4  | Noticed a tentacled monstrosity
 32408 | Swamp:4  | Killed a tentacled monstrosity
 32917 | Swamp:4  | Paralysed by a fenstrider witch for 5 turns
 33325 | Swamp:4  | Got a decaying rune of Zot
 33842 | Swamp:4  | Gained mutation: You expend magic power (3 MP) to
                  | strengthen your wands. [a neqoxec]
 33848 | Swamp:4  | Gained mutation: You do not regenerate when monsters are
                  | visible. [a neqoxec]
 34789 | Depths:1 | Entered Level 1 of the Depths
 34789 | Depths:1 | Found a one-way gate to the infinite horrors of the Abyss.
 35007 | Depths:1 | Found Big Baal Hell's Store.
 35020 | Depths:1 | Found a gateway to Hell.
 35111 | Depths:1 | Found a shimmering blue altar of Sif Muna.
 35141 | Depths:1 | Noticed a golden dragon
 35272 | D:14     | Lost mutation: You do not regenerate when monsters are
                  | visible. [potion of mutation]
 35272 | D:14     | Lost mutation: You occasionally shout uncontrollably at
                  | your foes. [potion of mutation]
 35272 | D:14     | Lost mutation: Your system is resistant to poisons. (rPois)
                  | [potion of mutation]
 35272 | D:14     | Gained mutation: You are dopey. (Int -2) [potion of
                  | mutation]
 35272 | D:14     | Gained mutation: Your spells are a little easier to cast,
                  | but a little less powerful. [potion of mutation]
 35272 | D:14     | Gained mutation: You have a somewhat thin skeletal
                  | structure. (Dex +2, Stealth+) [potion of mutation]
 35382 | Depths:1 | Noticed a lich
 35385 | Depths:1 | Killed a lich
 35436 | Depths:1 | Killed a golden dragon
 35541 | Depths:1 | Killed from afar by a fire giant

Illustrated notes

Levels and vault maps discovered:
D:1:      amcnicky_arrival_choice, layout_loops_cross, minmay_pentomino_r2
D:2:      layout_basic
D:3:      layout_loops_ring, marbit_many_paths,
          gammafunk_temple_overflow_elements, minmay_shallow_snake_nest
D:4:      layout_cave_pools, mainiacjoe_overflow_alcove_1,
          grunt_nemelex_the_gamble, grunt_temple_overflow_order_and_chaos_1,
          minmay_temple_entry_gardened_gates
D:5:      layout_rooms, lemuel_coloured_pillars_altar
D:6:      layout_basic, nicolae_dithmenos_through_a_glass_darkly, serial_curves,
          eino_curves_02, eino_curves_04, pf_guarded_unrand_woodcutter,
          uniq_prince_ribbit1
D:7:      layout_basic, nicolae_vehumet_radiance, uniq_maggie
D:8:      layout_basic, demons_altar, uniq_maurice, uniq_erica
D:9:      layout_roguey, david_lair_generic, uniq_harold
D:10:     layout_roguey, kennysheep_pointless_box
D:11:     layout_long_grid, gauntlet_entry_generic, kennysheep_generic_room_3
D:12:     layout_basic, orc_david_3, serial_shops, shop,
          gammafunk_ghost_stat_death, uniq_lodul, uniq_sonja
D:13:     nicolae_BIG_FREAKIN_CUBE, layout_basic, david_vaults_2,
          hangedman_fish_farm, uniq_erolcha
D:14:     nzn_winding_woodlands_three_and_one
          [nzn_winding_woodlands_5x15_zeroes,
          nzn_winding_woodlands_5x15_lazy_stream,
          nzn_winding_woodlands_5x15_garden,
          nzn_winding_woodlands_center_pierced_h], layout_cave_pools,
          serial_shops, shop, minmay_misc_feat_secret_circle, enter_trove_1
D:15:     gammafunk_enter_depths_forms, layout_basic, serial_shops,
          nicolae_shop_stone, minmay_misc_feat_tower
Temple:   bh_familiar_temple
Lair:1:   layout_layer_cave, infiniplex_staircase_pool, uniq_amaemon
Lair:2:   layout_cave_pods, skrybe_swamp_entry_bodies
Lair:3:   cheibrodos_lair_overgrown_chateau, layout_cave_pods,
          nicolae_spider_entry_lesser_pyramids, nicolae_volcano_entry_lava_flow
Lair:4:   layout_roguey, minmay_slime_entry_oklob_enclosed,
          eino_small_chamber_without_monster, minivault_23, nzn_random_ring
Lair:5:   hangedman_lair_tendril_chambers, layout_regular_city, wormcave,
          kennysheep_abandoned_house
Swamp:1:  layout_falls_marsh, evilmike_swamp_ruin_house_5
Swamp:2:  layout_basic_swamp, hangedman_swamp_blocks, swamp_pool1
Swamp:3:  cheibrodos_swamp_tower_of_moss, layout_basic_swamp,
          evilmike_swamp_ruin_house_6
Swamp:4:  nzn_swamp_witches_coven, layout_basic_swamp,
          infiniplex_staircase_pool_2
Orc:1:    layout_diamond_mine, basic_altar, bh_open_orc_temple
Orc:2:    hellmonk_orc_salted, layout_caves, minmay_orc_treasury, uniq_josephine
Depths:1: layout_gridlike, abyss_entry, nicolae_hell_entry_big_baal_hell,
          serial_shops, shop, nicolae_sif_muna_condensation,
          minmay_shattered_shrine, minmay_shoptagon

Skill      XL: |  1  2  3  4  5  6  7  8  9 10 11 12 13 14 15 16 17 |
---------------+----------------------------------------------------+-----
Short Blades   | 2 3 4 6 7 |  7.3
Armour         | 3 4 5 6 7 8 9 10 11 | 11.2
Shields        | 3 4 5 6 8 9 10 12 13 14 | 14.5
Dodging        | 1 2 3 4 5 6 8 9 |  9.3
Fighting       | 4 5 7 8 9 10 11 12 13 | 13.0
Stealth        | 1 2 4 5 6 7 8 |  8.8
Long Blades    | 2 6 8 10 12 13 14 | 14.8
Unarmed Combat | 1 |  1.7
Invocations    | 3 7 10 12 | 12.8
Evocations     | |  0.4

Action                     |  1- 3 |  4- 6 |  7- 9 | 10-12 | 13-15 | 16-18 || total
---------------------------+-------+-------+-------+-------+-------+-------++-------
  Melee: Rapier            |   130 |   177 |   155 |       |       |       ||   462
         Headbutt          |    14 |    36 |    44 |    98 |   340 |   221 ||   753
         Scimitar          |       |       |    26 |   351 |     6 |       ||   383
         Unarmed           |       |       |       |    13 |       |       ||    13
         Demon blade       |       |       |       |       |  1181 |   815 ||  1996
 Invoke: Ancestor Life: Ba |       |       |     1 |       |       |       ||     1
         Ancestor Identity |       |       |     1 |       |       |       ||     1
         Idealise          |       |       |       |       |     2 |     3 ||     5
         Transference      |       |       |       |       |     1 |     1 ||     2
  Evoke: Wand              |       |       |       |       |     5 |       ||     5
    Use: Scroll            |       |    12 |     5 |    13 |    18 |     8 ||    56
         Potion            |       |       |     1 |     5 |     4 |    10 ||    20
   Stab: Distracted        |       |     1 |     1 |    15 |    21 |    20 ||    58
         Sleeping          |       |       |     2 |     3 |       |       ||     5
         Confused          |       |       |       |       |     2 |       ||     2
         Petrifying        |       |       |       |       |       |     1 ||     1
 Armour: Scale mail        |    56 |    89 |    97 |       |       |       ||   242
         Steam dragon scal |       |       |    15 |   111 |       |       ||   126
         Chain mail        |       |       |       |       |   238 |       ||   238
         Crystal plate arm |       |       |       |       |   122 |   313 ||   435
  Dodge: Dodged            |    57 |    89 |   111 |   343 |   355 |    91 ||  1046
  Block: Buckler           |    35 |    51 |    44 |    46 |       |       ||   176
         Kite shield       |       |       |       |   209 |  1051 |   666 ||  1926
         Reflection        |       |       |       |       |    10 |    17 ||    27

Table legend: (Time is in decaauts)
 A = Elapsed time spent in this place.
 B = Non-inter-level travel time spent in this place.
 C = Inter-level travel time spent in this place.
 D = Time resting spent in this place.
 E = Time spent auto-exploring this place.
 F = Levels seen in this place.
 G = Mean time per level.
                   A        B        C        D        E       F      G
               +--------+--------+--------+--------+--------+-----+--------+
         Total |  35356 |  32721 |   2635 |   4366 |  21848 |  30 | 1178.5 |
       Dungeon |  16831 |  15551 |   1280 |   1877 |  10860 |  15 | 1122.1 |
        Temple |    413 |    169 |    244 |      0 |    153 |   1 |  413.0 |
          Lair |   9147 |   8437 |    710 |    549 |   6356 |   5 | 1829.4 |
         Swamp |   4856 |   4697 |    159 |   1244 |   2508 |   4 | 1214.0 |
  Orcish Mines |   2919 |   2681 |    238 |    292 |   1684 |   2 | 1459.5 |
        Depths |    511 |    509 |      2 |    179 |    230 |   1 |  511.0 |
       Volcano |    195 |    195 |      0 |     51 |     15 |   1 |  195.0 |
      Gauntlet |    481 |    481 |      0 |    173 |     40 |   1 |  481.0 |
               +--------+--------+--------+--------+--------+-----+--------+

Top non-repeatable levels by time:
  Lair:5: 2649 daAuts
 Swamp:4: 2253 daAuts
   Orc:2: 2110 daAuts
  Lair:4: 2005 daAuts
  Lair:1: 1767 daAuts
    D:14: 1756 daAuts
  Lair:3: 1636 daAuts
     D:6: 1592 daAuts
     D:8: 1486 daAuts
     D:9: 1472 daAuts
     D:2: 1279 daAuts
    D:15: 1250 daAuts
  Lair:2: 1088 daAuts
    D:12: 1085 daAuts
     D:3: 1013 daAuts
